 Dungeon Crawl Stone Soup version 0.31.0-11-ge490571c62 (webtiles) character file.

Game seed: 7359548982018133252

212 qw the Skirmisher (level 5, -7/29 HPs)
             Began as a Deep Elf Hunter on Feb 3, 2024.
             Killed by divine providence
             ... invoked by an orc priest
              (14 damage)
             ... on level 4 of the Dungeon.
             The game lasted 00:00:10 (2455 turns).

qw the Skirmisher (Deep Elf Hunter)                 Turns: 2455, Time: 00:00:11

Health: -7/29      AC:  8    Str: 10    XL:     5   Next: 58%
Magic:  7/7        EV:  9    Int: 14    God:
Gold:   42         SH:  0    Dex: 18    Spells: 4/4 levels left

rFire   . . .        a - +1 shortbow
rCold   . . .        (shield currently unavailable)
rNeg    . . .        j - +0 scale mail
rPois   .            b - +1 helmet
rElec   .            (no cloak)
rCorr   .            (no gloves)
SInv    .            (no boots)
Will    .....        f - amulet of regeneration
Stlth   +            (no ring)
HPRegen 1.04/turn    (no ring)
MPRegen 0.10/turn

%: no passive effects
@: no status effects
A: no striking features
a: no special abilities


You were on level 4 of the Dungeon.
You visited 1 branch of the dungeon, and saw 4 of its levels.

You collected 222 gold pieces.
You spent 180 gold pieces at shops.


   Skills:
 - Level 1.5 Fighting
 - Level 9.0 Ranged Weapons
 + Level 0.4 Armour
 - Level 2.4 Dodging
 - Level 1.2 Stealth


You had 4 spell levels left.
You didn't know any spells.
Your spell library was empty.

Inventory:

Hand Weapons
 a - a +1 shortbow (weapon)
Armour
 b - a +1 helmet (worn)
 j - a +0 scale mail (worn)
Jewellery
 f - an amulet of regeneration (around neck)
 i - a ring of see invisible
 k - a ring of ice
Scrolls
 c - a scroll of identify
 g - a scroll of noise {unknown}
Potions
 d - 2 potions of curing
 e - a potion of cancellation
 l - a potion of mutation {unknown}

Dungeon Overview and Level Annotations

Branches:
Dungeon (4/15)
 Temple: D:4-7

Altars:
Ashenzari
Wu Jian

Shops:
D:1 *:   D:4 =


Message History

The hound completely misses you. The hound bites you.
You shoot an arrow. The arrow barely misses the hound.
The arrow closely misses the gnoll.
The hound barely misses you.
The orc priest calls down the wrath of Beogh upon you.
Beogh smites you! The hound bites you.
An orc comes into view. It is wielding a +0 falchion.
You shoot an arrow. The arrow hits the hound!
You kill the hound!
Your Ranged Weapons skill increases to level 9!
You shoot an arrow. The arrow hits the gnoll.
The gnoll is moderately wounded.
The gnoll hits you with a +0 club.
You shoot an arrow. The arrow hits the gnoll!
The gnoll is almost dead.
You hear a shout!
The gnoll hits you with a +0 club.
An orc priest comes into view. It is wielding a +0 dagger.
The gnoll hits you from afar with a +0 spear.
The gnoll hits you but does no damage.
2451 ||| DRINKING potion of heal wounds.
You feel much better.
The gnoll hits you from afar with a +0 spear!
The gnoll barely misses you.
You shoot an arrow. The arrow hits the gnoll.
You kill the gnoll!
The gnoll hits you from afar with a +0 spear.
The orc closely misses you.
The gnoll hits you from afar with a +0 spear.
You shoot an arrow. The arrow hits the orc!
You kill the orc!
The orc priest miscasts a cantrip.
The gnoll hits you but does no damage.
You shoot an arrow. The arrow closely misses the gnoll.
The gnoll closely misses you.
You shoot an arrow. The arrow barely misses the gnoll.
The arrow hits the orc priest but does no damage.
The orc priest mumbles some strange prayers to Beogh against you.
Beogh smites you!
You die...

#....# #....#
#g...# #####....#
#...#....#
#...'....# ...
#...#..o.# ..
#.).##go.# ..
#...@))#.# .
#...##.#.#
#.#......#.# #
#.#..(.### .# #
#.%.##.#.###.#.#
###..#.#.#.....##
##.............
##########........#
#...............#.#


You could see 2 orc priests and a gnoll.

Vanquished Creatures
  2 hounds
  2 gnolls (D:4)
  4 adders
  2 ufetubi (D:4)
  2 dart slugs
  2 orcs (D:4)
  9 ball pythons
  3 bats
  9 endoplasms
  4 giant cockroaches
  11 goblins
  6 hobgoblins
  5 quokkas
  4 frilled lizards
  7 kobolds
  3 rats
75 creatures vanquished.

Notes
Turn   | Place    | Note
-------+----------+-------------------------------------------
     0 | D:1      | qw the Deep Elf Hunter began the quest for the Orb.
     0 | D:1      | Reached XP level 1. HP: 12/12 MP: 3/3
     0 | D:1      | 0 ||| qw: Version: 0.3-a-157-g843a77d
     0 | D:1      | 0 ||| qw: Game counter: 3641
     0 | D:1      | 0 ||| qw: Melee chars always use a shield: true
     0 | D:1      | 0 ||| qw: God list: Okawaru
     0 | D:1      | 0 ||| qw: Allow faded altars: false
     0 | D:1      | 0 ||| qw: Do Orc after clearing Dungeon:15 true
     0 | D:1      | 0 ||| qw: Do second Lair branch before Depths: true
     0 | D:1      | 0 ||| qw: Lair rune preference: random
     0 | D:1      | 0 ||| qw: Goals: Normal
     0 | D:1      | 0 ||| PLANNING D:1-11
   126 | D:1      | Found Biazyomo's General Store.
   132 | D:1      | 132 ||| SHOPLISTING potion of curing (33 gold, have 30).
   132 | D:1      | 132 ||| SHOPLISTING wand of charming (6) (158 gold, have
                  | 30).
   147 | D:1      | Found Joza's Book Emporium.
   204 | D:1      | Reached XP level 2. HP: 16/16 MP: 4/4
   206 | D:1      | Reached skill level 6 in Ranged Weapons
   532 | D:1      | 532 ||| UPGRADING to amulet of regeneration.
   537 | D:1      | 537 ||| READING scroll labelled NUYSHR OHAUPY.
   537 | D:1      | 537 ||| IDENTIFYING sapphire potion
   538 | D:1      | 538 ||| DROPPING scroll of butterflies.
   722 | D:2      | Reached XP level 3. HP: 20/20 MP: 5/5
  1092 | D:2      | Reached skill level 7 in Ranged Weapons
  1515 | D:2      | 1515 ||| UPGRADING to +1 helmet.
  1520 | D:2      | 1520 ||| UPGRADING to +0 scale mail.
  1530 | D:2      | 1530 ||| DROPPING +0 leather armour.
  1531 | D:2      | 1531 ||| READING scroll of identify.
  1531 | D:2      | 1531 ||| IDENTIFYING red potion
  1532 | D:2      | 1532 ||| READING scroll labelled XEDAUG TABISM.
  1537 | D:2      | 1537 ||| READING scroll labelled OKHLASHR OKAOJO.
  1597 | D:3      | 1597 ||| FLEEEEING.
  1663 | D:3      | Reached XP level 4. HP: 25/25 MP: 6/6
  1796 | D:3      | Found a broken altar of Ashenzari.
  1802 | D:3      | 1802 ||| DROPPING +1 robe of willpower.
  2173 | D:3      | Reached skill level 8 in Ranged Weapons
  2186 | D:3      | Found an ornate altar of the Wu Jian Council.
  2298 | D:3      | 2298 ||| READING 2 scrolls of identify.
  2298 | D:3      | 2298 ||| IDENTIFYING clear potion
  2299 | D:3      | 2299 ||| READING scroll of identify.
  2299 | D:3      | 2299 ||| IDENTIFYING inky potion
  2300 | D:3      | 2300 ||| READING 3 scrolls labelled AWIRYN NAADUA.
  2301 | D:3      | 2301 ||| READING scroll labelled YKHLUT BUIGI.
  2301 | D:3      | 2301 ||| ENCHANTING +0 shortbow.
  2302 | D:3      | 2302 ||| DROPPING potion of attraction.
  2303 | D:3      | 2303 ||| DROPPING 2 scrolls of fear.
  2325 | D:4      | Reached XP level 5. HP: 29/29 MP: 7/7
  2363 | D:4      | Found Zexon's Jewellery Emporium.
  2373 | D:4      | 2373 ||| FLEEEEING.
  2374 | D:4      | 2374 ||| FLEEEEING.
  2389 | D:4      | 2389 ||| SHOPLISTING +4 ring of protection (432 gold, have
                  | 213).
  2389 | D:4      | 2389 ||| SHOPLISTING +5 ring of evasion (432 gold, have
                  | 213).
  2389 | D:4      | 2389 ||| SHOPLISTING ring of fire (300 gold, have 213).
  2389 | D:4      | 2389 ||| SHOPLISTING ring of ice (300 gold, have 213).
  2389 | D:4      | 2389 ||| BUYING ring of see invisible (180 gold).
  2389 | D:4      | Bought a ring of see invisible for 180 gold pieces
  2434 | D:4      | 2434 ||| RETREEEEATING.
  2435 | D:4      | 2435 ||| RETREEEEATING.
  2436 | D:4      | 2436 ||| RETREEEEATING.
  2437 | D:4      | 2437 ||| RETREEEEATING.
  2438 | D:4      | 2438 ||| RETREEEEATING.
  2439 | D:4      | 2439 ||| RETREEEEATING.
  2440 | D:4      | 2440 ||| RETREEEEATING.
  2441 | D:4      | 2441 ||| RETREEEEATING.
  2445 | D:4      | 2445 ||| RETREEEEATING.
  2449 | D:4      | Reached skill level 9 in Ranged Weapons
  2450 | D:4      | HP: 3/29 [gnoll/+0 spear (5)]
  2451 | D:4      | 2451 ||| DRINKING potion of heal wounds.
  2455 | D:4      | Killed from afar by an orc priest

Levels and vault maps discovered:
D:1:      co_arrival_square_in_a_square_in_a_square, layout_loops_cross,
          serial_shops, nicolae_shop_just_a_little_nook, shop
D:2:      layout_basic, kennysheep_small_spiral
D:3:      layout_basic, nicolae_wu_jian_immortal_techniques,
          ashenzari_conservatory_becter, st_stairs_5, minivault_4
D:4:      layout_basic, serial_shops, shop

Skill      XL: |  1  2  3  4  5 |
---------------+----------------+-----
Ranged Weapons | 6 7 8 9 |  9.0
Fighting       | |  1.5
Armour         | |  0.4
Dodging        | |  2.4
Stealth        | |  1.2

Action                     |  1- 3 |  4- 6 || total
---------------------------+-------+-------++-------
   Fire: Shortbow          |    92 |   115 ||   207
    Use: Scroll            |     4 |     4 ||     8
         Potion            |       |     1 ||     1
 Armour: Scale mail        |    11 |    86 ||    97
         Leather armour    |     1 |       ||     1
  Dodge: Dodged            |    17 |    36 ||    53

Table legend:
 A = Non-vault XP
 B = Vault XP
 C = Vault XP percentage of total XP
 D = Non-vault monster count
 E = Vault monster count
 F = Vault count percentage of total count
                 A         B        C        D         E       F
            +---------+---------+-------+---------+---------+-------
      Total |     287 |      17 |   5.6 |      72 |       3 |   4.0
            +---------+---------+-------+---------+---------+-------
        D:1 |      30 |       0 |   0.0 |      17 |       0 |   0.0
        D:2 |      43 |       0 |   0.0 |      17 |       0 |   0.0
        D:3 |     104 |      17 |  14.0 |      21 |       3 |  12.5
        D:4 |     110 |       0 |   0.0 |      17 |       0 |   0.0
            +---------+---------+-------+---------+---------+-------
